 Dungeon Crawl Stone Soup version 0.20.0-10-g0535bb4 (console) character file.

3766 asymptos the Covert (level 10, -2/56 HPs)
             Began as a Halfling Enchanter on June 6, 2017.
             Was a Follower of Okawaru.
             Killed by divine providence
             ... invoked by an orc priest
              (9 damage)
             ... on level 9 of the Dungeon.
             The game lasted 00:30:33 (5946 turns).

asymptos the Covert (Halfling Enchanter)            Turns: 5946, Time: 00:30:34

Health: -2/56      AC: 17    Str:  9    XL:     10   Next: 38%
Magic:  12/21      EV: 10    Int: 16    God:    Okawaru [*.....]
Gold:   309        SH:  8    Dex: 16    Spells: 6/12 levels left

rFire    . . .     SeeInvis .   m - +0 short sword
rCold    . . .     Gourm    .   K - +0 buckler (curse)
rNeg     . . .     Faith    .   O - +4 scale mail "Umnankos" {Stlth+}
rPois    .         Spirit   .   (no helmet)
rElec    .         Reflect  +   k - +2 cloak
rCorr    .         Harm     .   (no gloves)
MR       .....                  F - +0 pair of boots
Stlth    ++++......             l - +2 amulet of reflection
Regen    0.2/turn               z - +3 ring of protection
MPRegen  0.2/turn               J - ring of magical power

@: very slightly contaminated
A: mutation resistance 1
a: Heroism, Renounce Religion


You were on level 9 of the Dungeon.
You worshipped Okawaru.
Okawaru was aware of your devotion.
You were not hungry.

You visited 2 branches of the dungeon, and saw 10 of its levels.

You collected 487 gold pieces.
You spent 178 gold pieces at shops.

Inventory:

Hand Weapons
 a - the +4 hand axe "Imiankat" {freeze, +Rage rC+ rN++}
   (You found it on level 4 of the Dungeon)

   It has been specially enchanted to freeze those struck by it, causing extra
   injury to most foes and up to half again as much damage against particularly
   susceptible opponents.
   It can also slow down cold-blooded creatures.
   It protects you from cold.
   It greatly protects you from negative energy.
   It lets you go berserk.
 b - a +0 hunting sling
 m - a +0 short sword (weapon)
 r - a +1 whip of electrocution
 x - a +1 hand axe of electrocution
 y - a +1 dagger
Missiles
 e - 18 tomahawks (quivered)
 h - 93 stones
 i - 79 sling bullets
 j - 20 poisoned needles
Armour
 g - a +1 robe
 k - a +2 cloak (worn)
 o - a +0 ring mail of cold resistance
 F - a +0 pair of boots (worn)
 K - a cursed +0 buckler (worn)
 O - the +4 scale mail "Umnankos" (worn) {Stlth+}
   (You found it on level 8 of the Dungeon)

   It makes you more stealthy.
Jewellery
 l - a +2 amulet of reflection (around neck)
 z - a +3 ring of protection (left hand)
 J - a ring of magical power (right hand)
Wands
 D - a wand of iceblast (0/15)
 H - a wand of random effects (42/48)
Scrolls
 f - 5 scrolls of identify
 n - 2 scrolls of noise {unknown}
 q - 2 scrolls of blinking {unknown}
 s - 3 scrolls of remove curse
 u - 5 scrolls of recharging {unknown}
 v - a scroll of amnesia {unknown}
 w - 3 scrolls of teleportation {unknown}
 A - 3 scrolls of random uselessness {unknown}
 B - a scroll of summoning {unknown}
 E - a scroll of magic mapping {unknown}
 L - a scroll of fog {unknown}
 M - 2 scrolls of fear
 N - a scroll of brand weapon {unknown}
Potions
 t - a potion of magic
 G - a potion of berserk rage {unknown}
 I - a potion of curing
Books
 c - a book of Maledictions

   Spells                             Type                      Level
   a - Corona                         Hexes                        1
   b - Ensorcelled Hibernation        Hexes/Ice                    2
   c - Confuse                        Hexes                        3
   d - Tukima's Dance                 Hexes                        3
   e - Dazzling Spray                 Conjuration/Hexes            3
 C - a book of Debilitation

   Spells                             Type                      Level
   a - Corona                         Hexes                        1
   b - Slow                           Hexes                        2
   c - Inner Flame                    Hexes/Fire                   3
   d - Portal Projectile              Hexes/Translocation          3
   e - Cause Fear                     Hexes                        4
   f - Leda's Liquefaction            Hexes/Earth                  4
Comestibles
 d - 4 bread rations
 p - 4 meat rations


   Skills:
 + Level 8.3 Short Blades
 - Level 2.1 Dodging
 + Level 9.1 Stealth
 + Level 3.0 Shields
 - Level 1.5 Spellcasting
 * Level 8.7 Hexes


You had 6 spell levels left.
You knew the following spells:

 Your Spells              Type           Power        Failure   Level  Hunger
a - Corona                Hex            ####...      6%          1    ##.....
b - Ensorcelled Hibernat  Hex/Ice        ###...       52%         2    ###....
c - Confuse               Hex            ####....     19%         3    ####...


Dungeon Overview and Level Annotations

Branches:
Dungeon (9/15)             Temple (1/1) D:7
   Lair: D:8-11         Orc: D:9-12

Altars:
Ashenzari
Cheibriados
Dithmenos
Elyvilon
Fedhas
Gozag
Hepliaklqana
Kikubaaqudgha
Makhleb
Nemelex Xobeh
Okawaru
Qazlal
Ru
Sif Muna
Trog
Uskayaw
Vehumet
Xom
Yredelemnul
Zin
The Shining One

Shops:
D:4 (   D:5 *}   D:7 ([*


Innate Abilities, Weirdness & Mutations

You are small and have problems with some larger weapons.
You are somewhat resistant to further mutation.


Message History

The orc priest resists with some effort.
The orc shouts!
The orc priest closely misses you.
The orc wizard casts a spell.
The orc wizard blinks!
Casting: Ensorcelled Hibernation
Confirm with . or Enter, or press ? or * to list all spells.
Aiming: Ensorcelled Hibernation
Press: ? - help, Shift-Dir - straight line, f/p - orc priest
Aim: an orc priest, wielding a hand axe and wearing a chain mail (chance to defeat MR: 46%)
You miscast Ensorcelled Hibernation.
You are very lightly contaminated with residual magic.
You feel off-balance for a moment. You block the orc priest's attack.
The orc wizard barely misses you.
The orc priest mumbles some strange prayers to Beogh against you.
Beogh smites you!
* * * LOW HITPOINT WARNING * * *
The orc priest mumbles some strange prayers to Beogh against you.
Beogh smites you!
You die...

#[##.......#
#.#####.##.### #
#.#####......# .###
#.......##.#.#
.....
#######.##.#.##o..#
#.##...o.o.#
#.####o#####
#.####.# #.....@#
########


You could see an orc priest and an orc wizard.

Vanquished Creatures
  A two-headed ogre (D:8)
  Pikel (D:5)
  The ghost of Nattefrost the Cudgeler, a novice DsMo of Ru (D:5)
  2 wyverns (D:8)
  Menkaure (D:4)
  A necrophage (D:6)
  2 ogres
  4 bullfrogs
  A gnoll sergeant (D:6)
  8 wights
  2 howler monkeys
  A jelly (D:6)
  3 bullfrog zombies
  4 orc wizards
  A bullfrog skeleton (D:4)
  3 orc priests (D:5)
  2 hounds (D:4)
  5 worker ants
  2 iguanas
  A killer bee zombie (D:7)
  A hound zombie (D:7)
  3 hound skeletons
  2 worker ant zombies
  10 gnolls
  9 adders
  2 shadow imps
  4 oozes
  An adder skeleton (D:5)
  4 dart slugs (D:1)
  5 leopard geckos
  28 orcs
  9 bats
  14 giant cockroaches
  6 goblins
  13 hobgoblins
  4 jackals (D:2)
  3 quokkas
  2 ball pythons
  5 frilled lizards
  A jackal skeleton (D:5)
  8 kobolds
  A rat (D:1)
181 creatures vanquished.

Vanquished Creatures (others)
  A bullfrog skeleton (D:5)
  An ooze (D:5)
2 creatures vanquished.

Grand Total: 183 creatures vanquished

Notes
Turn   | Place    | Note
-------+----------+-------------------------------------------
     0 | D:1      | asymptos the Halfling Enchanter began the quest for the Orb.
     0 | D:1      | Reached XP level 1. HP: 11/11 MP: 3/3
   122 | D:1      | Reached XP level 2. HP: 17/17 MP: 1/4
   273 | D:1      | Reached XP level 3. HP: 16/21 MP: 2/5
   277 | D:1      | Learned a level 2 spell: Ensorcelled Hibernation
   799 | D:2      | Reached XP level 4. HP: 21/27 MP: 2/6
   807 | D:2      | Learned a level 3 spell: Confuse
   953 | D:2      | Found a sparkling altar of Nemelex Xobeh.
   975 | D:2      | Reached skill level 4 in Stealth
  1380 | D:2      | Reached XP level 5. HP: 31/31 MP: 7/7
  1495 | D:2      | Found a deep blue altar of Sif Muna.
  2162 | D:3      | Found a bloodstained altar of Trog.
  2301 | D:4      | Found a hazy altar of Hepliaklqana.
  2314 | D:4      | Got an ancient hand axe
  2315 | D:4      | Identified the +4 hand axe "Imiankat" {freeze, +Rage rC+ rN++} (You found it on level 4 of the Dungeon)
  2361 | D:4      | Reached XP level 6. HP: 32/36 MP: 8/8
  2765 | D:4      | Reached skill level 5 in Stealth
  2806 | D:4      | Found a basalt altar of Yredelemnul.
  2806 | D:4      | Found an ancient bone altar of Kikubaaqudgha.
  2808 | D:4      | Noticed Menkaure
  2819 | D:4      | Found a transporter.
  2822 | D:4      | Found Micyxtih's Antique Weapon Boutique.
  2859 | D:4      | Found a transporter.
  2895 | D:4      | Found a shimmering altar of Xom.
  2906 | D:4      | Found a snail-covered altar of Cheibriados.
  3013 | D:5      | Entered Level 5 of the Dungeon
  3019 | D:5      | Noticed Nattefrost's ghost (novice DsMo)
  3029 | D:4      | Reached XP level 7. HP: 37/41 MP: 0/9
  3145 | D:5      | Found Kucul's Assorted Antiques.
  3184 | D:5      | Reached skill level 5 in Hexes
  3254 | D:5      | Bought a scroll labeled XUEGUEBUDI for 20 gold pieces
  3254 | D:5      | Bought a scroll labeled XUEGUEBUDI for 20 gold pieces
  3254 | D:5      | Bought a scroll labeled REULOL OCOH for 20 gold pieces
  3254 | D:5      | Bought an amethyst potion for 18 gold pieces
  3254 | D:5      | Bought a scroll labeled MOYRAC DUZIN for 20 gold pieces
  3254 | D:5      | Bought a sharpened ivory wand for 80 gold pieces
  3329 | D:5      | Noticed Pikel
  3465 | D:5      | Killed Pikel
  3465 | D:5      | Reached skill level 5 in Short Blades
  3465 | D:5      | Reached skill level 6 in Stealth
  3465 | D:5      | Reached XP level 8. HP: 39/46 MP: 6/10
  3590 | D:5      | Killed Nattefrost's ghost
  3590 | D:5      | Reached skill level 7 in Stealth
  3590 | D:5      | Reached XP level 9. HP: 35/51 MP: 7/11
  3658 | D:5      | Found Oxzezuob's Gadget Shoppe.
  3790 | D:4      | Killed Menkaure
  4003 | D:6      | Found a sacrificial altar of Ru.
  4152 | D:6      | Found a hide-covered altar of Uskayaw.
  4362 | D:6      | Reached skill level 8 in Stealth
  4596 | D:7      | Found Fidi's Antique Weapon Emporium.
  4611 | D:7      | Found a stormy altar of Qazlal.
  4810 | D:7      | Found a staircase to the Ecumenical Temple.
  4819 | Temple   | Entered the Ecumenical Temple
  4853 | Temple   | Became a worshipper of Warmaster Okawaru
  4925 | D:7      | Found Ucomoaj's Armour Boutique.
  4969 | D:7      | Found Mobuq's General Store.
  5305 | D:7      | Reached skill level 1 in Shields
  5424 | D:7      | Reached XP level 10. HP: 28/56 MP: 12/12
  5487 | D:8      | Found a blossoming altar of Fedhas.
  5662 | D:8      | Noticed a two-headed ogre
  5673 | D:8      | Killed a two-headed ogre
  5673 | D:8      | Reached * piety under Okawaru
  5673 | D:8      | Reached skill level 9 in Stealth
  5806 | D:8      | Got a smoking scale mail
  5817 | D:8      | Identified the +4 scale mail "Umnankos" {Stlth+} (You found it on level 8 of the Dungeon)
  5824 | D:8      | Noticed a two-headed ogre
  5946 | D:9      | Killed from afar by an orc priest

Skill      XL: |  1  2  3  4  5  6  7  8  9 10 |
---------------+-------------------------------+-----
Short Blades   | 2 3 4 5 6 7 8 |  8.3
Hexes          | 3 4 6 8 |  8.7
Stealth        | 4 5 6 7 8 9 |  9.1
Shields        | 1 3 |  3.0
Dodging        | |  2.1
Spellcasting   | |  1.5

Action                   |  1- 3 |  4- 6 |  7- 9 | 10-12 || total
-------------------------+-------+-------+-------+-------++-------
Melee: Dagger            |    63 |    44 |     7 |       ||   114
       Short sword       |       |    90 |    67 |    27 ||   184
       Hand axe          |       |   105 |   259 |    29 ||   393
 Fire: Hunting sling     |    24 |       |       |       ||    24
Throw: Tomahawk          |       |       |       |     6 ||     6
 Cast: Corona            |    18 |    11 |       |       ||    29
       Ensorcelled Hiber |     4 |    25 |     8 |     4 ||    41
       Confuse           |       |     1 |    27 |     6 ||    34
Evoke: Wand              |       |       |     4 |       ||     4
  Use: Scroll            |     3 |     3 |     1 |       ||     7
       Potion            |       |     3 |     4 |       ||     7
 Stab: Sleeping          |     9 |    28 |    13 |     6 ||    56
       Distracted        |     1 |       |       |       ||     1
       Confused          |       |       |    25 |       ||    25
  Eat: Chunk             |       |    10 |    11 |     1 ||    22
       Royal jelly       |       |       |     1 |       ||     1
       Bread ration      |       |       |       |     1 ||     1
Armor: Robe              |    15 |    47 |    72 |     4 ||   138
       Scale mail        |       |       |       |     5 ||     5
Dodge: Dodged            |    51 |   202 |   226 |    18 ||   497
Block: Other             |       |    20 |    16 |       ||    36
       Buckler           |       |       |    20 |    26 ||    46
